AoeStats
← drloving3

Arabia

509756926Analyzed
1v1 RM · 3d ago on Sep 27, 2026· 67m 16s· 2 players
Game mode
Random Map
Map size
Tiny (2 player)
Population
200
Speed
Normal
Resources
Standard
Victory
Conquest
Starting age
Dark Age
Ending age
Imperial Age
RankedLock teamsTeams togetherTeam positionsShared explorationLock speedFull tech treeHidden civsTurbo modeCheats
Victory
Defeat
🇺🇸 Varangians · United States
1129
+14
🇲🇦 Britons · Morocco
1091
-14
OZA
6:19 Loom
9:12 Feudal Age
10:33 Double-Bit Axe
12:11 Scale Barding Armor
14:54 Forging
15:13 Horse Collar
17:19 Fletching
19:13 Wheelbarrow
24:48 Castle Age
23:08 Gold Mining
26:08 Chain Barding Armor
27:29 Iron Casting
27:24 Bow Saw
27:26 Husbandry
31:00 Heavy Plow
31:57 Scale Mail Armor
31:51 Pikeman
32:32 Squires
32:18 Gambesons
39:03 Chain Mail Armor
39:40 Herbal Medicine
39:45 Devotion
41:19 Town Watch
41:55 Hand Cart
44:36 Sanctity
44:06 Arson
52:28 Imperial Age
51:23 Bodkin Arrow
53:32 Yeomen
55:13 Conscription
54:15 Cavalier
55:32 Plate Barding Armor
55:59 Blast Furnace
56:05 Chemistry
55:36 Masonry
55:10 Halberdier
57:42 Plate Mail Armor
58:59 Chemistry
59:06 Conscription
60:51 Bracer
60:52 Padded Archer Armor
61:20 Light Cavalry
63:20 Coinage
62:45 Crossbowman
63:28 Arbalester
drloving3
7:00 Loom
9:43 Feudal Age
10:14 Double-Bit Axe
19:34 Wheelbarrow
23:24 Castle Age
22:22 Scale Barding Armor
23:25 Forging
23:49 Bloodlines
28:47 Husbandry
33:13 Iron Casting
38:53 Horse Collar
39:56 Chain Barding Armor
42:41 Heavy Plow
47:07 Hand Cart
49:42 Herbal Medicine
53:10 Imperial Age
53:16 Imperial Age
50:35 Town Watch
51:14 Light Cavalry
53:22 Hussar
54:42 Guilds
56:08 Blast Furnace
55:43 Squires
58:58 Gold Mining
59:54 Scale Mail Armor
61:32 Elite Varangian Guard
62:36 Gothikon
63:41 Conscription
64:01 Arson
Connection lost

Rejoining the realm…

Still unreachable

The connection could not be restored.

Session expired

The server has moved on; the page needs a fresh start.